 Dungeon Crawl Stone Soup version 0.19-a0-994-g3c636f0 (webtiles) character file.

84 Gruud the Cutter (level 4, 0/49 HPs)
             Began as a Demonspawn Gladiator on July 16, 2016.
             Slain by Natasha (5 damage)
             ... on level 3 of the Dungeon.
             The game lasted 00:04:37 (1700 turns).

Gruud the Cutter (Demonspawn Gladiator)             Turns: 1700, Time: 00:04:37

Health: 0/49       AC: 22    Str: 15    XL:     4   Next: 23%
Magic:  4/4        EV:  2    Int: 11    God:
Gold:   139        SH:  0    Dex: 13    Spells: 0 memorised, 3 levels left

rFire  . . .     SeeInvis +     a - +0 rapier
rCold  . . .     Gourm    .     (armour currently unavailable)
rNeg   + + +     Faith    .     (no shield)
rPois  +         Spirit   .     (helmet currently unavailable)
rElec  .         Dismiss  .     (cloak currently unavailable)
rCorr  .         Reflect  .     (gloves currently unavailable)
SustAt .         Harm     .     (boots currently unavailable)
MR     .....     NoTele   +     j - amulet of magic regeneration
Stlth  +.........               (no ring)
                                o - ring of see invisible

@: tree-form, slowed, very slow, not resistant to hostile enchantments, very
unstealthy
A: (claws 0), (hooves 0), (horns 0)
a: no special abilities


You were on level 3 of the Dungeon.
You were hungry.
You were a tree.
You visited 1 branch of the dungeon, and saw 3 of its levels.

You collected 139 gold pieces.

Inventory:

Hand Weapons
 a - a +0 rapier (weapon)
Missiles
 w - 2 exploding tomahawks (quivered)
Armour
 b - a +0 leather armour
 e - a +0 ring mail
 k - a +0 chain mail (melded)
 q - a +0 buckler
 s - a +0 scale mail
 x - a +0 large shield
Jewellery
 j - an amulet of magic regeneration (around neck)
 o - a ring of see invisible (left branch)
Scrolls
 h - a scroll of enchant weapon {unknown}
 i - 2 scrolls of remove curse {unknown}
 m - 2 scrolls of immolation {unknown}
 n - a scroll of random uselessness {unknown}
 r - a scroll of identify {unknown}
 v - a scroll of enchant armour {unknown}
Potions
 l - a potion of lignification
 p - a potion of haste {unknown}
 t - a potion of brilliance {unknown}
 z - a potion of heal wounds {unknown}
Comestibles
 c - 5 chunks of flesh
 f - a bread ration
 g - 2 meat rations
 u - a beef jerky


   Skills:
 - Level 2.0 Fighting
 - Level 3.2 Short Blades
 - Level 1.7 Throwing
 - Level 2.6 Dodging
 * Level 3.1 Unarmed Combat


You had 3 spell levels left.
You didn't know any spells.

Dungeon Overview and Level Annotations

Branches:
Dungeon (3/15)

Altars:
Elyvilon

Annotations:
D:3 Natasha


Innate Abilities, Weirdness & Mutations

((You have sharp fingernails.))
((You have large cloven feet.))
((You have a pair of small horns on your head.))


Message History

Natasha wildly gestures.
You feel troubled.
Natasha mumbles some strange words.
Natasha claws you.
You hit Natasha but do no damage.
Natasha is heavily wounded.
Natasha barely misses you.
You closely miss Natasha.
Natasha is heavily wounded.
Natasha claws you!
* * * LOW HITPOINT WARNING * * *
Natasha claws you but does no damage.
It was a potion of lignification.
You turn into a tree.
Your +0 chain mail melds into your body.
Your roots penetrate the ground.
Natasha claws you but does no damage.
The iron imp hits you but does no damage.
You barely miss Natasha.
Natasha is heavily wounded.
Natasha claws you.
You die...

####.#####.###
... #.%.........#
.###
#.#..÷...........
# #..######.##..#
#.%# <# .# # #..#
.# #
#.#..######.#
#............
#.#.♣##.....
#..5h.....#.
#...........
#)......$.##
#.....##..#
#.....# ..#
#...... .#
#.....# #


You could see an iron imp and Natasha.

Vanquished Creatures
  Natasha (D:3)
  2 adders
  2 worms (D:2)
  A dart slug (D:1)
  A giant gecko (D:1)
  9 bats
  2 giant cockroaches (D:2)
  4 goblins
  5 hobgoblins
  A quokka (D:2)
  4 ball pythons
  A kobold (D:2)
  3 rats
36 creatures vanquished.

Notes
Turn   | Place    | Note
-------+----------+-------------------------------------------
     0 | D:1      | Gruud the Demonspawn Gladiator began the quest for the Orb.
     0 | D:1      | Reached XP level 1. HP: 16/16 MP: 1/1
   232 | D:1      | Gained mutation: You have a pair of small horns on your head. [demonic ancestry]
   232 | D:1      | Reached XP level 2. HP: 22/22 MP: 2/2
   474 | D:1      | Reached skill level 1 in Unarmed Combat
   951 | D:2      | Gained mutation: You have large cloven feet. [demonic ancestry]
   951 | D:2      | Reached XP level 3. HP: 27/27 MP: 3/3
  1329 | D:2      | Found a white marble altar of Elyvilon.
  1649 | D:3      | Noticed Natasha
  1662 | D:3      | Killed Natasha
  1662 | D:3      | Gained mutation: You have sharp fingernails. [demonic ancestry]
  1662 | D:3      | Reached XP level 4. HP: 26/33 MP: 4/4
  1688 | D:3      | Noticed Natasha
  1700 | D:3      | Slain by Natasha

Vault maps used:
D:1:      enne_arrival_octagon_isle
D:2:      elyvilon_altar_5
D:3:      uniq_natasha

Skill      XL: |  1  2  3  4 |
---------------+-------------+-----
Short Blades   | 3 |  3.2
Unarmed Combat | 1 2 3 |  3.1
Fighting       | |  2.0
Throwing       | |  1.7
Dodging        | |  2.6

Action                   |  1- 3 |  4- 6 || total
-------------------------+-------+-------++-------
Melee: Rapier            |   115 |    14 ||   129
       Headbutt          |    16 |     4 ||    20
       Kick              |    11 |     2 ||    13
Throw: Throwing net      |     2 |     2 ||     4
  Use: Potion            |       |     1 ||     1
 Stab: Held in net/web   |     2 |       ||     2
  Eat: Chunk             |     2 |       ||     2
Armor: Ring mail         |    14 |       ||    14
       Leather armour    |     4 |       ||     4
       Chain mail        |    31 |     5 ||    36
       Skin              |       |     2 ||     2
Dodge: Dodged            |    53 |     7 ||    60
